 Dungeon Crawl Stone Soup version 0.31-a0-177-g4aa6249778 (webtiles) character file.

Game seed: 9349083009709288465

135 qw the Chopper (level 5, 0/32 HPs)
             Began as a Gargoyle Fighter on June 18, 2023.
             Slain by a gnoll
             ... wielding a +0 flail
              (10 damage)
             ... on level 4 of the Dungeon.
             The game lasted 00:01:38 (3153 turns).

qw the Chopper (Gargoyle Fighter)                   Turns: 3153, Time: 00:01:38

Health: 0/32       AC: 11    Str: 22    XL:     5   Next: 18%
Magic:  5/5        EV:  9    Int:  8    God:
Gold:   1129       SH:  4    Dex:  9    Spells: 4/4 levels left

rFire   . . .        Y - +0 war axe
rCold   . . .        c - +0 buckler
rNeg    + . .        b - +0 scale mail
rPois   inf          i - +1 hat
rElec   +            (no cloak)
rCorr   .            (no gloves)
SInv    .            (no boots)
Will    .....        (no amulet) Stlth
                     (no ring)
HPRegen 0.25/turn    (no ring)
MPRegen 0.09/turn

%: no passive effects
@: no status effects
A: sickness immunity, AC +4, negative energy resistance 1, electricity
resistance, torment resistance 1, petrification resistance
a: no special abilities


You were on level 4 of the Dungeon.
You visited 1 branch of the dungeon, and saw 4 of its levels.

You collected 1129 gold pieces.


Innate Abilities, Weirdness & Mutations

You are immune to sickness and miasma.
Your stone body is resilient. (AC +4)
You are immune to poison.
You resist negative energy. (rN+)
You are resistant to electric shocks. (rElec)
You are resistant to unholy torment.
You are immune to petrification.


   Skills:
 - Level 3.2 Fighting
 + Level 4.5 Axes
 - Level 1.0 Throwing
 - Level 3.2 Armour
 - Level 3.2 Shields


You had 4 spell levels left.
You didn't know any spells.
Your spell library was empty.

Inventory:

Hand Weapons
 j - a +0 flail
 Y - a +0 war axe (weapon)
Armour
 b - a +0 scale mail (worn)
 c - a +0 buckler (worn)
 i - a +1 hat (worn)
Jewellery
 h - a +4 ring of protection
Scrolls
 e - 2 scrolls of identify
 k - a scroll of enchant weapon {unknown}
Potions
 a - a potion of cancellation
 d - a potion of might
 f - a potion of enlightenment
 g - a potion of heal wounds

Dungeon Overview and Level Annotations

Branches:
Dungeon (4/15)
 Temple: D:4-7

Altars:
Elyvilon
Nemelex Xobeh


Message History

Enter note: You completely miss the gnoll.
The gnoll barely misses you.
You closely miss the gnoll. The gnoll hits you but does no damage.
You block the gnoll's attack.
You slash the gnoll!
The gnoll is almost dead.
You hit the gnoll but do no damage. The gnoll hits you but does no damage.
You slash the gnoll!
The gnoll is heavily wounded.
The gnoll drinks a potion.
The gnoll goes berserk!
The gnoll hits you but does no damage. The gnoll hits you with a +0 flail.
The gnoll hits you from afar with a +0 spear.
You hit the gnoll but do no damage.
The gnoll is heavily wounded.
You block the gnoll's attack. x2
You closely miss the gnoll.
The gnoll is heavily wounded.
The gnoll misses you. The gnoll barely misses you.
The gnoll hits you but does no damage.
You barely miss the gnoll.
The gnoll is moderately wounded.
The gnoll completely misses you. The gnoll hits you but does no damage.
The gnoll hits you with a +0 flail!
You closely miss the gnoll.
The gnoll is moderately wounded.
The gnoll hits you with a +0 flail! The gnoll hits you but does no damage.
The gnoll closely misses you.
The gnoll hits you from afar with a +0 spear.
3152 ||| DRINKING 2 potions of heal wounds.
You feel much better. The gnoll closely misses you.
The gnoll hits you with a +0 flail.
The gnoll hits you from afar with a +0 spear.
You hit the gnoll.
The gnoll is moderately wounded.
The gnoll hits you with a +0 flail!
The gnoll hits you from afar with a +0 spear.
The gnoll hits you with a +0 flail!
You die...

..#.~.. #.......# #.#.~.#
#.......# ...~.# #######.#
~~~~.#########.#
....#.......#.#
.g#.#.>.....#.#
#g#.#.........####
#g#.'...%.....%...
#@###(......######
#.#....)....#
#)#.........#
#####.#....##..##
#.....#....##.##
#.....#.......########
#.....................
############..############
#' #..<.....###.##


You could see 3 gnolls.

Vanquished Creatures
  4 adders
  5 worms
  2 dart slugs
  An orc (D:4)
  6 bats
  7 endoplasms
  5 giant cockroaches
  5 goblins
  6 hobgoblins
  6 jackals
  7 kobolds
  A quokka (D:3)
  7 ball pythons
  5 frilled lizards
  9 rats
76 creatures vanquished.

Notes
Turn   | Place    | Note
-------+----------+-------------------------------------------
     0 | D:1      | qw the Gargoyle Fighter began the quest for the Orb.
     0 | D:1      | Reached XP level 1. HP: 14/14 MP: 1/1
     0 | D:1      | 0 ||| qw: Version: 0.3-a-5-g6f28e65
     0 | D:1      | 0 ||| qw: Game counter: 701
     0 | D:1      | 0 ||| qw: Always use a shield: true
     0 | D:1      | 0 ||| qw: God list: Okawaru
     0 | D:1      | 0 ||| qw: Allow faded altars: false
     0 | D:1      | 0 ||| qw: Do Orc after D:15 true
     0 | D:1      | 0 ||| qw: Do second Lair branch before Depths: true
     0 | D:1      | 0 ||| qw: Lair rune preference: random
     0 | D:1      | 0 ||| qw: Plans: Normal, Zot:1-4, Slime:5, God:TSO, Crypt,
                  | Tomb, Abyss, Pan, Hells, Win
     0 | D:1      | 0 ||| PLANNING D:1-11
    46 | D:1      | Reached skill level 2 in Axes
   194 | D:1      | Reached XP level 2. HP: 19/19 MP: 2/2
   696 | D:1      | 696 ||| Stepping ~*~*~tactically~*~*~ (hiding).
   698 | D:1      | 698 ||| Stepping ~*~*~tactically~*~*~ (hiding).
   701 | D:1      | Reached skill level 3 in Axes
   706 | D:1      | Reached XP level 3. HP: 13/23 MP: 3/3
  1138 | D:1      | 1138 ||| READING scroll labelled YSOTIDOIJAI.
  1139 | D:1      | 1139 ||| READING scroll labelled PUAWUX ZUCEBLA.
  1139 | D:1      | Identified a scroll of acquirement
  1139 | D:1      | 1139 ||| ACQUIRING 998 gold pieces
  1139 | D:1      | Acquired 998 gold pieces
  1141 | D:1      | 1141 ||| READING scroll labelled QYNKAU NUYCOCH.
  1142 | D:1      | 1142 ||| DRINKING 2 green potions.
  1314 | D:2      | 1314 ||| Stepping ~*~*~tactically~*~*~ (hiding).
  1315 | D:2      | 1315 ||| Stepping ~*~*~tactically~*~*~ (hiding).
  1452 | D:2      | Reached XP level 4. HP: 28/28 MP: 4/4
  1548 | D:2      | Reached skill level 4 in Axes
  1644 | D:2      | 1644 ||| Stepping ~*~*~tactically~*~*~ (stealth).
  1646 | D:2      | 1646 ||| Stepping ~*~*~tactically~*~*~ (stealth).
  1647 | D:2      | 1647 ||| Stepping ~*~*~tactically~*~*~ (stealth).
  1727 | D:2      | 1727 ||| Stepping ~*~*~tactically~*~*~ (stealth).
  1994 | D:2      | 1994 ||| READING scroll labelled YPHIMU CEZXO.
  2165 | D:3      | Reached skill level 1 in Throwing
  2210 | D:3      | 2210 ||| FLEEEEING.
  2211 | D:3      | 2211 ||| FLEEEEING.
  2212 | D:3      | 2212 ||| FLEEEEING.
  2213 | D:3      | 2213 ||| FLEEEEING.
  2369 | D:3      | 2369 ||| DROPPING +0 mace.
  2429 | D:3      | Reached XP level 5. HP: 28/32 MP: 5/5
  2509 | D:3      | Identified the +2 hand axe of Mafon {drain, rC+ Int-3
                  | Dex+4}
  2662 | D:3      | Found a sparkling altar of Nemelex Xobeh.
  2788 | D:3      | Found a faded altar of an unknown god.
  2799 | D:3      | 2799 ||| DRINKING 2 clear potions.
  2800 | D:3      | 2800 ||| READING 3 scrolls of identify.
  2800 | D:3      | 2800 ||| IDENTIFYING red potion
  2801 | D:3      | 2801 ||| READING 2 scrolls of identify.
  2801 | D:3      | 2801 ||| IDENTIFYING inky potion
  2802 | D:3      | 2802 ||| DROPPING potion of brilliance.
  2875 | D:4      | 2875 ||| Stepping ~*~*~tactically~*~*~ (stealth).
  3074 | D:4      | 3074 ||| Stepping ~*~*~tactically~*~*~ (stealth).
  3076 | D:4      | Found a white marble altar of Elyvilon.
  3078 | D:4      | 3078 ||| UPGRADING to +1 hat.
  3083 | D:4      | 3083 ||| READING scroll labelled RUTIRUO KAXA.
  3084 | D:4      | 3084 ||| READING scroll labelled ENLATA XABU.
  3085 | D:4      | 3085 ||| FLEEEEING.
  3086 | D:4      | 3086 ||| FLEEEEING.
  3151 | D:4      | HP: 7/32 [gnoll/+0 flail (11)]
  3151 | D:4      | HP: 3/32 [gnoll/+0 spear (4)]
  3152 | D:4      | 3152 ||| DRINKING 2 potions of heal wounds.
  3153 | D:4      | Slain by a gnoll

Levels and vault maps discovered:
D:1:      heliophobic_arrival_enchanted_forest, layout_basic, minmay_tromino_i4
D:2:      layout_loops_ring
D:3:      layout_basic, lemuel_tele_altar,
          hellmonk_ecumenical_altar_prayer_group
D:4:      layout_basic, mainiacjoe_overflow_brackets

Skill      XL: |  1  2  3  4 |
---------------+-------------+-----
Axes           | 2 3 4 |  4.5
Throwing       | 1 |  1.0
Fighting       | |  3.2
Armour         | |  3.2
Shields        | |  3.2

Action                     |  1- 3 |  4- 6 || total
---------------------------+-------+-------++-------
  Melee: War axe           |   132 |   121 ||   253
  Throw: Javelin           |       |    24 ||    24
    Use: Scroll            |     3 |     5 ||     8
         Potion            |     1 |     2 ||     3
 Armour: Scale mail        |    69 |    56 ||   125
  Dodge: Dodged            |    69 |    50 ||   119
  Block: Buckler           |    24 |    22 ||    46

Table legend:
 A = Non-vault XP
 B = Vault XP
 C = Vault XP percentage of total XP
 D = Non-vault monster count
 E = Vault monster count
 F = Vault count percentage of total count
                 A         B        C        D         E       F
            +---------+---------+-------+---------+---------+-------
      Total |     185 |       8 |   4.1 |      71 |       5 |   6.6
            +---------+---------+-------+---------+---------+-------
        D:1 |      33 |       5 |  13.2 |      22 |       3 |  12.0
        D:2 |      89 |       0 |   0.0 |      24 |       0 |   0.0
        D:3 |      45 |       3 |   6.2 |      18 |       2 |  10.0
        D:4 |      18 |       0 |   0.0 |       7 |       0 |   0.0
            +---------+---------+-------+---------+---------+-------
